 Dungeon Sprint DCSS version 0.19.0-9-gfd783f2 (webtiles) character file.

520 LORDOFBUTT the Covert (level 7, 0/28 HPs)
             Began as a Spriggan Enchanter on Nov 7, 2016.
             Was a Follower of Hepliaklqana.
             Shot with an arrow by a deep elf archer (7 damage)
             ... in the Dungeon (Sprint V: "Ziggurat Sprint").
             The game lasted 00:01:41 (184 turns).

LORDOFBUTT the Covert (Spriggan Enchanter)           Turns: 184, Time: 00:01:41

Health: 0/28       AC:  3    Str:  5    XL:     7   Next: 1%
Magic:  20/21      EV: 18    Int: 28    God:    Hepliaklqana [*.....]
Gold:   0          SH:  0    Dex: 18    Spells: 1 memorised, 25 levels left

rFire  . . .     SeeInvis +     y - +5 quick blade
rCold  . . .     Gourm    .     b - +1 robe
rNeg   . . .     Faith    .     (shield restricted)
rPois  .         Spirit   .     (helmet restricted)
rElec  .         Reflect  .     (no cloak)
rCorr  .         Harm     .     (gloves unavailable)
MR     +....     NoTele   +     (boots unavailable)
Stlth  ++++++....               (no amulet)
                                B - +6 ring of intelligence
                                A - +6 ring of intelligence

@: very quick
A: unfitting armour, reduced essence, see invisible, herbivore 3, speed 3, slow
metabolism 2
a: Recall Ancestor, Ancestor Identity, Renounce Religion


You were in the Dungeon.
You worshipped Hepliaklqana.
Hepliaklqana was aware of your devotion.
You were not hungry.

You visited 1 branch

Inventory:

Hand Weapons
 y - a +5 quick blade (weapon)
Armour
 b - a +1 robe (worn)
Jewellery
 a - a +6 ring of dexterity
 z - a +6 ring of dexterity
 A - a +6 ring of intelligence (left hand)
 B - a +6 ring of intelligence (right hand)
 C - a +6 ring of strength
 D - a +6 ring of strength
Wands
 E - a wand of disintegration (7/24)
 F - a wand of iceblast (5/15)
 G - a wand of lightning (5/15)
 H - a wand of acid (5/15)
Scrolls
 j - 4 scrolls of blinking
 k - 4 scrolls of amnesia
 l - 3 scrolls of recharging
 m - 7 scrolls of fog
 n - a scroll of holy word
 o - 5 scrolls of identify
 p - 5 scrolls of remove curse
 q - 2 scrolls of fear
Potions
 e - 10 potions of curing
 f - 10 potions of heal wounds
 g - 6 potions of haste
 h - 7 potions of magic
 i - 3 potions of berserk rage
 r - 2 potions of brilliance
 s - 2 potions of invisibility
 t - 4 potions of resistance
 v - 5 potions of agility
 w - 5 potions of might
Books
 c - a book of Maledictions

   Spells                             Type                      Level
   a - Corona                         Hexes                        1
   b - Ensorcelled Hibernation        Hexes/Ice                    2
   c - Confuse                        Hexes                        3
   d - Tukima's Dance                 Hexes                        3
   e - Dazzling Spray                 Conjuration/Hexes            3
Comestibles
 d - 5 bread rations
 x - 42 fruits


   Skills:
 - Level 1.1 Short Blades
 - Level 3.0 Dodging
 + Level 14.6 Stealth
 * Level 10.4 Spellcasting
 * Level 10.7 Hexes


You had 25 spell levels left.
You knew the following spells:

 Your Spells              Type           Power        Failure   Level  Hunger
a - Corona                Hex            ######.      1%          1    None


Dungeon Overview and Level Annotations

Branches:
Dungeon (1/1)

Altars:
Ashenzari
Cheibriados
Dithmenos
Elyvilon
Fedhas
Gozag
Hepliaklqana
Kikubaaqudgha
Makhleb
Nemelex Xobeh
Okawaru
Qazlal
Ru
Sif Muna
Trog
Uskayaw
Vehumet
Xom
Yredelemnul
Zin
The Shining One
Beogh
Jiyva
Lugonu


Innate Abilities, Weirdness & Mutations

You are very small and have problems with some larger weapons.
You are too small for most types of armour.
You have supernaturally acute eyesight. (SInv)
You are a herbivore.
You cover ground extremely quickly.
You need consume almost no food.
Your life essence is reduced. (-10% HP)


Message History

Memorise Ensorcelled Hibernation, consuming 2 spell levels and leaving 23?
The battleaxe of chopping hits Khabaw!!
Khabaw is destroyed!
The deep elf mage mumbles some strange words.
The deep elf mage blinks!
You start memorising the spell.
You continue memorising.
The deep elf archer shoots an arrow.
Your memorisation is interrupted.
The arrow hits you!!
Ouch! That really hurt!
Khabaw is still trapped in memory!
The battleaxe of chopping barely misses you.
The deep elf mage hits you but does no damage.
The battleaxe of chopping hits you but does no damage.
You miss the battleaxe of chopping.
You completely miss the battleaxe of chopping.
The battleaxe of chopping completely misses you.
The deep elf mage hits you with a rapier.
* * * LOW HITPOINT WARNING * * *
The deep elf archer shoots an arrow.
The arrow hits you!
You die...

▓▓▓▓▓▓▓▓▓▓▓▓▓▓▓▓▓▓▓
▓.8©8.▓.8©8.▓.8©8.▓
▓.=):.▓.|}}.▓.....▓
▓..)..▓.....▓."R).▓
▓.....▓.....▓.....▓
▓e....▓.....▓.....▓
▓e.(..▓.....▓.....▓
▓.@e..▓.....▓▓▓▓▓▓▓
▓▓▓▓▓▓▓▓▓▓▓▓▓


You could see a deep elf archer, a deep elf knight, a deep elf mage and a
battleaxe of chopping.

Vanquished Creatures
  A jumping spider (D)
  A phantom (D)
  2 necrophages (D)
  A scorpion (D)
5 creatures vanquished.

Vanquished Creatures (others)
  A spatial maelstrom (D)
  An ancestor (D)
2 creatures vanquished.

Grand Total: 7 creatures vanquished

Notes
Turn   | Place    | Note
-------+----------+-------------------------------------------
     0 | D        | LORDOFBUTT the Spriggan Enchanter began the quest for the Orb.
     0 | D        | Reached XP level 1. HP: 9/9 MP: 5/5
     0 | D        | Found a blossoming altar of Fedhas.
     1 | D        | Found a viscous altar of Jiyva.
     1 | D        | Found an ancient bone altar of Kikubaaqudgha.
     1 | D        | Found a hazy altar of Hepliaklqana.
     1 | D        | Found a corrupted altar of Lugonu.
     1 | D        | Found an opulent altar of Gozag.
     1 | D        | Found a burning altar of Makhleb.
     2 | D        | Found a sacrificial altar of Ru.
     2 | D        | Found a deep blue altar of Sif Muna.
     2 | D        | Found a stormy altar of Qazlal.
     2 | D        | Found a bloodstained altar of Trog.
     2 | D        | Found an iron altar of Okawaru.
     2 | D        | Found a sparkling altar of Nemelex Xobeh.
    19 | D        | Banished a spatial maelstrom
    58 | D        | Reached skill level 12 in Stealth
    58 | D        | Reached XP level 2. HP: 13/13 MP: 6/6
    64 | D        | Became a worshipper of Hepliaklqana the Forgotten
    69 | D        | Entered arena 1.
    69 | D        | Noticed a scorpion
    69 | D        | Noticed a jumping spider
    72 | D        | Killed a scorpion
    72 | D        | Reached skill level 5 in Hexes
    72 | D        | Reached XP level 3. HP: 14/14 MP: 7/10
    74 | D        | Killed a jumping spider
    74 | D        | Reached skill level 13 in Stealth
    74 | D        | Reached XP level 4. HP: 18/18 MP: 8/15
    74 | D        | Reached XP level 5. HP: 21/21 MP: 8/16
   145 | D        | Entered arena 2.
   145 | D        | Noticed a necrophage
   145 | D        | Noticed a phantom
   145 | D        | Noticed a necrophage
   150 | D        | Killed a necrophage
   150 | D        | Reached skill level 14 in Stealth
   150 | D        | Reached XP level 6. HP: 25/25 MP: 17/19
   151 | D        | Reached skill level 10 in Spellcasting
   151 | D        | Reached skill level 10 in Hexes
   153 | D        | Reached XP level 7. HP: 28/28 MP: 17/21
   176 | D        | Reached * piety under Hepliaklqana
   176 | D        | Entered arena 3.
   176 | D        | Noticed a deep elf archer
   176 | D        | Noticed a deep elf knight
   176 | D        | Noticed a deep elf mage
   176 | D        | Noticed a battleaxe of chopping
   184 | D        | Shot with an arrow by a deep elf archer

Skill      XL: |  1  2  3  4  5  6 |
---------------+-------------------+-----
Stealth        | 12 13 14 | 14.6
Spellcasting   | 4 8 9 10 | 10.4
Hexes          | 5 8 9 10 | 10.7
Short Blades   | |  1.1
Dodging        | |  3.0

Action                   |  1- 3 |  4- 6 |  7- 9 || total
-------------------------+-------+-------+-------++-------
Melee: Quick blade       |     2 |     3 |     2 ||     7
Invok: Recall Ancestor   |       |     1 |     1 ||     2
  Use: Potion            |     1 |       |       ||     1
 Stab: Sleeping          |     2 |     3 |       ||     5
Armor: Robe              |       |       |     1 ||     1
Dodge: Dodged            |       |       |     3 ||     3
